AoeStats
← fatelai1017

Arabia

510105972Analyzed
1v1 RM · 1d ago on Sep 29, 2026· 25m 34s· 2 players
Game mode
Random Map
Map size
Tiny (2 player)
Population
200
Speed
Normal
Resources
Standard
Victory
Conquest
Starting age
Dark Age
Ending age
Imperial Age
RankedLock teamsTeams togetherTeam positionsShared explorationLock speedFull tech treeHidden civsTurbo modeCheats
Victory
Defeat
🇧🇷 Saracens · Brazil
1274
+15
🇹🇼 Varangians · Taiwan
1252
-15
fatelai1017
8:56 Feudal Age
7:23 Loom
15:13 Double-Bit Axe
15:42 Horse Collar
21:51 Castle Age
20:37 Bloodlines
vatreides1
6:55 Loom
9:06 Feudal Age
10:13 Double-Bit Axe
15:53 Fletching
17:48 Padded Archer Armor
24:23 Castle Age
22:47 Horse Collar
24:19 Scale Barding Armor
24:26 Crossbowman
25:30 Bodkin Arrow
Connection lost

Rejoining the realm…

Still unreachable

The connection could not be restored.

Session expired

The server has moved on; the page needs a fresh start.